TOP OF THE 1ST |
Cleveland Indians batting - Pitching for Toronto Blue Jays : RHP Lance Lynn
|
Pitching: RHP Lance Lynn
|
|
Batting: LHB Adam Frazier
|
0-0: Swinging Strike 0-1: Bunt for hit to 23 - play at first, batter safe!
|
Batting: LHB Christian Yelich
|
0-0: Ball 1-0: Ball 2-0: Ball 3-0: Base on Balls Adam Frazier to second
|
Batting: RHB J.D. Martinez
|
0-0: Called Strike 0-1: Ball 1-1: Ball 2-1: Ball 3-1: Base on Balls Adam Frazier to third Christian Yelich to second
|
Batting: LHB Matt Carpenter
|
0-0: Called Strike 0-1: Ball 1-1: Called Strike 1-2: Strikes out swinging
|
Batting: RHB Matt Chapman
|
0-0: Ball 1-0: Foul Ball, location: 2F 1-1: Ball 2-1: SINGLE (Groundball, 6D, EV 99.4 MPH) Adam Frazier scores Christian Yelich to third J.D. Martinez to second
|
Batting: SHB Marwin Gonzalez
|
0-0: Swinging Strike 0-1: Ball 1-1: Ball 2-1: Called Strike 2-2: SINGLE (Groundball, 4S, EV 70.6 MPH) (infield hit) Christian Yelich scores J.D. Martinez to third Matt Chapman to second
|
Batting: RHB Jung-ho Kang
|
0-0: Foul Ball, location: 2F 0-1: Ball 1-1: Called Strike 1-2: Grounds into fielders choice 1-2 (Groundball, P, EV 83.1 MPH) Matt Chapman to third Marwin Gonzalez to second
|
Batting: RHB Marcus Semien
|
0-0: Ball 1-0: Swinging Strike 1-1: Ball 2-1: Swinging Strike 2-2: Strikes out swinging
|
Top of the 1st over - 2 runs, 3 hits, 0 errors, 3 left on base; Cleveland 2 - Toronto 0 |
BOTTOM OF THE 1ST |
Toronto Blue Jays batting - Pitching for Cleveland Indians : RHP Noah Syndergaard
|
Pitching: RHP Noah Syndergaard
|
|
Batting: RHB Keon Broxton
|
0-0: Called Strike 0-1: Called Strike 0-2: Strikes out looking
|
Batting: RHB Elvis Andrus
|
0-0: Ball 1-0: Called Strike 1-1: Ball 2-1: Foul Ball, location: 2F 2-2: Fly out, F8 (Flyball, 8LM, EV 95.6 MPH)
|
Batting: RHB Kris Bryant
|
0-0: Swinging Strike 0-1: Foul Ball, location: 2F 0-2: Foul Ball, location: 2F 0-2: Foul Ball, location: 2F 0-2: Ball 1-2: Ball 2-2: Ground out 6-3 (Groundball, 6, EV 102.5 MPH)
|
Bottom of the 1st over - 0 runs, 0 hits, 0 errors, 0 left on base; Cleveland 2 - Toronto 0 |
TOP OF THE 2ND |
Cleveland Indians batting - Pitching for Toronto Blue Jays : RHP Lance Lynn
|
Batting: RHB Mitch Garver
|
0-0: Called Strike 0-1: Called Strike 0-2: Ball 1-2: Foul Ball, location: 2F 1-2: Foul Ball, location: 2F 1-2: Ball 2-2: Strikes out looking
|
Batting: LHB Adam Frazier
|
0-0: Foul Ball, location: 2F 0-1: Ball 1-1: Ball 2-1: Ball 3-1: Bunted foul 3-2: Ground out 6-3 (Groundball, 6, EV 103.1 MPH)
|
Batting: LHB Christian Yelich
|
0-0: Called Strike 0-1: Ball 1-1: Ball 2-1: Fly out, F6 (Popup, 6, EV 65.6 MPH)
|
Top of the 2nd over - 0 runs, 0 hits, 0 errors, 0 left on base; Cleveland 2 - Toronto 0 |
BOTTOM OF THE 2ND |
Toronto Blue Jays batting - Pitching for Cleveland Indians : RHP Noah Syndergaard
|
Batting: SHB Josh Bell
|
0-0: Ball 1-0: Ball 2-0: Foul Ball, location: 2F 2-1: Ball 3-1: Swinging Strike 3-2: DOUBLE (Line Drive, 8LXD, EV 103.8 MPH)
|
Batting: RHB Yoenis Cespedes
|
0-0: Called Strike 0-1: Foul Ball, location: 2F 0-2: Ball 1-2: Foul Ball, location: 2F 1-2: Strikes out swinging
|
Batting: RHB Jorge Soler
|
0-0: Swinging Strike 0-1: Ball 1-1: Foul Ball, location: 2F 1-2: Strikes out swinging
|
Batting: SHB Matt Wieters
|
0-0: Fly out, F8 (Line Drive, 8LD, EV 111.3 MPH)
|
Bottom of the 2nd over - 0 runs, 1 hit, 0 errors, 1 left on base; Cleveland 2 - Toronto 0 |
TOP OF THE 3RD |
Cleveland Indians batting - Pitching for Toronto Blue Jays : RHP Lance Lynn
|
Batting: RHB J.D. Martinez
|
0-0: Ball 1-0: Foul Ball, location: 2F 1-1: Ball 2-1: Swinging Strike 2-2: Foul Ball, location: 2F 2-2: Strikes out swinging
|
Batting: LHB Matt Carpenter
|
0-0: Foul Ball, location: 2F 0-1: Ground out 4-3 (Groundball, 4S, EV 70.6 MPH)
|
Batting: RHB Matt Chapman
|
0-0: Foul Ball, location: 2F 0-1: Called Strike 0-2: Ball 1-2: Strikes out swinging
|
Top of the 3rd over - 0 runs, 0 hits, 0 errors, 0 left on base; Cleveland 2 - Toronto 0 |
BOTTOM OF THE 3RD |
Toronto Blue Jays batting - Pitching for Cleveland Indians : RHP Noah Syndergaard
|
Batting: RHB Juan Lagares
|
0-0: Ball 1-0: Ball 2-0: Swinging Strike 2-1: Ground out 5-3 (Groundball, 5, EV 88.8 MPH)
|
Batting: RHB Dixon Machado
|
0-0: Called Strike 0-1: Swinging Strike 0-2: Ball 1-2: Strikes out swinging
|
Batting: RHB Keon Broxton
|
0-0: Ball 1-0: Ball 2-0: Swinging Strike 2-1: Foul Ball, location: 2F 2-2: Foul Ball, location: 2F 2-2: Ball 3-2: Strikes out swinging
|
Bottom of the 3rd over - 0 runs, 0 hits, 0 errors, 0 left on base; Cleveland 2 - Toronto 0 |
TOP OF THE 4TH |
Cleveland Indians batting - Pitching for Toronto Blue Jays : RHP Lance Lynn
|
Batting: SHB Marwin Gonzalez
|
0-0: Ball 1-0: Called Strike 1-1: Swinging Strike 1-2: Foul Ball, location: 2F 1-2: Ball 2-2: Ball 3-2: Strikes out swinging
|
Batting: RHB Jung-ho Kang
|
0-0: Ball 1-0: Ball 2-0: Fly out, F8 (Flyball, 8RS, EV 85.0 MPH)
|
Batting: RHB Marcus Semien
|
0-0: Foul Ball, location: 2F 0-1: Fly out, F7 (Flyball, 7LM, EV 83.8 MPH)
|
Top of the 4th over - 0 runs, 0 hits, 0 errors, 0 left on base; Cleveland 2 - Toronto 0 |
BOTTOM OF THE 4TH |
Toronto Blue Jays batting - Pitching for Cleveland Indians : RHP Noah Syndergaard
|
Batting: RHB Elvis Andrus
|
0-0: Ball 1-0: Fly out, F9 (Flyball, 89S, EV 88.1 MPH)
|
Batting: RHB Kris Bryant
|
0-0: Ball 1-0: Called Strike 1-1: Swinging Strike 1-2: Ball 2-2: Ball 3-2: Strikes out swinging
|
Batting: SHB Josh Bell
|
0-0: Ball 1-0: Ball 2-0: Called Strike 2-1: Called Strike 2-2: Ball 3-2: Base on Balls
|
Batting: RHB Yoenis Cespedes
|
0-0: Ball Wild Pitch! Josh Bell to second 1-0: Ball 2-0: Called Strike 2-1: Ground out 3-1 (Groundball, 34S, EV 67.5 MPH)
|
Bottom of the 4th over - 0 runs, 0 hits, 0 errors, 1 left on base; Cleveland 2 - Toronto 0 |
TOP OF THE 5TH |
Cleveland Indians batting - Pitching for Toronto Blue Jays : RHP Lance Lynn
|
Pitching: RHP JC Ramirez
|
|
Batting: RHB Mitch Garver
|
0-0: Foul Ball, location: 2F 0-1: Called Strike 0-2: Strikes out swinging
|
Batting: LHB Adam Frazier
|
0-0: Called Strike 0-1: Ball 1-1: Swinging Strike 1-2: Ball 2-2: Ball 3-2: Base on Balls
|
Batting: LHB Christian Yelich
|
0-0: Ball 1-0: Foul Ball, location: 2F 1-1: Swinging Strike 1-2: Ball 2-2: Fly out, F8 (Flyball, 8LXD, EV 89.4 MPH)
|
Batting: RHB J.D. Martinez
|
0-0: Called Strike 0-1: Swinging Strike 0-2: Strikes out looking
|
Top of the 5th over - 0 runs, 0 hits, 0 errors, 1 left on base; Cleveland 2 - Toronto 0 |
BOTTOM OF THE 5TH |
Toronto Blue Jays batting - Pitching for Cleveland Indians : RHP Noah Syndergaard
|
Batting: RHB Jorge Soler
|
0-0: Called Strike 0-1: Foul Ball, location: 2F 0-2: Strikes out swinging
|
Batting: SHB Matt Wieters
|
0-0: Called Strike 0-1: Ball 1-1: Swinging Strike 1-2: SINGLE (Flyball, 7S, EV 90.0 MPH)
|
Batting: RHB Juan Lagares
|
0-0: Called Strike 0-1: Ball 1-1: Fielders Choice at 2nd, 6-4 (Groundball, 6, EV 82.5 MPH)
|
Batting: RHB Dixon Machado
|
0-0: Ball Juan Lagares is caught stealing 2nd base 2-4
|
Bottom of the 5th over - 0 runs, 1 hit, 0 errors, 0 left on base; Cleveland 2 - Toronto 0 |
TOP OF THE 6TH |
Cleveland Indians batting - Pitching for Toronto Blue Jays : RHP JC Ramirez
|
Batting: LHB Matt Carpenter
|
0-0: Ground out 4-3 (Groundball, 34, EV 108.1 MPH)
|
Batting: RHB Matt Chapman
|
0-0: Ball 1-0: Swinging Strike 1-1: Ball 2-1: Called Strike 2-2: SINGLE (Groundball, 6D, EV 96.9 MPH)
|
Batting: SHB Marwin Gonzalez
|
0-0: Ball 1-0: Ball 2-0: Called Strike 2-1: Ball 3-1: DOUBLE (Line Drive, 9LS, EV 108.1 MPH) Matt Chapman to third Runner from 3rd tries for Home, SAFE, no throw by RF
|
Pitching: RHP Mason McCullough
|
|
Batting: RHB Jung-ho Kang
|
0-0: Called Strike 0-1: Foul Ball, location: 2F 0-2: Strikes out looking
|
Batting: RHB Marcus Semien
|
0-0: Ground out 6-3 (Groundball, 6, EV 89.4 MPH)
|
Top of the 6th over - 1 run, 2 hits, 0 errors, 1 left on base; Cleveland 3 - Toronto 0 |
BOTTOM OF THE 6TH |
Toronto Blue Jays batting - Pitching for Cleveland Indians : RHP Noah Syndergaard
|
Batting: RHB Dixon Machado
|
0-0: Ground out 5-3 (Groundball, 56, EV 108.1 MPH)
|
Batting: RHB Keon Broxton
|
0-0: SINGLE (Groundball, 34D, EV 105.0 MPH)
|
Batting: RHB Elvis Andrus
|
0-0: Ball 1-0: Fly out, F9 (Flyball, 9S, EV 77.5 MPH)
|
Batting: RHB Kris Bryant
|
0-0: Called Strike Keon Broxton steals 2nd base 0-1: Foul Ball, location: 2F 0-2: Strikes out looking
|
Bottom of the 6th over - 0 runs, 1 hit, 0 errors, 1 left on base; Cleveland 3 - Toronto 0 |
TOP OF THE 7TH |
Cleveland Indians batting - Pitching for Toronto Blue Jays : RHP Mason McCullough
|
Batting: RHB Mitch Garver
|
0-0: SINGLE (Line Drive, 5L, EV 97.5 MPH)
|
Batting: LHB Adam Frazier
|
0-0: Sac Bunt to 25 - play at first, batter OUT! 5-3 Mitch Garver to second
|
Batting: LHB Christian Yelich
|
0-0: Intentional Walk
|
Batting: RHB J.D. Martinez
|
0-0: Foul Ball, location: 2F 0-1: Fly out, F5 (Popup, 56S, EV 87.5 MPH)
|
Batting: LHB Matt Carpenter
|
0-0: Ball 1-0: Ball 2-0: Ball 3-0: Called Strike 3-1: Foul Ball, location: 2F 3-2: Base on Balls Mitch Garver to third Christian Yelich to second
|
Batting: RHB Matt Chapman
|
0-0: Ball 1-0: Ball 2-0: Called Strike 2-1: Ball 3-1: Base on Balls Mitch Garver scores Christian Yelich to third Matt Carpenter to second
|
Batting: SHB Marwin Gonzalez
|
0-0: Ball 1-0: Ball 2-0: Ball 3-0: Base on Balls Christian Yelich scores Matt Carpenter to third Matt Chapman to second
|
Batting: RHB Jung-ho Kang
|
0-0: Fly out, F7 (Flyball, 7S, EV 75.6 MPH)
|
Top of the 7th over - 2 runs, 1 hit, 0 errors, 3 left on base; Cleveland 5 - Toronto 0 |
BOTTOM OF THE 7TH |
Toronto Blue Jays batting - Pitching for Cleveland Indians : RHP Noah Syndergaard
|
Batting: SHB Josh Bell
|
0-0: Fly out, F9 (Flyball, 9LM, EV 100.6 MPH)
|
Batting: RHB Yoenis Cespedes
|
0-0: DOUBLE (Flyball, 8RXD, EV 100.0 MPH)
|
Batting: RHB Jorge Soler
|
0-0: Ball 1-0: Ball 2-0: Called Strike 2-1: Ball 3-1: Ground out 5-3 (Groundball, 56, EV 80.6 MPH)
|
Batting: SHB Matt Wieters
|
0-0: SINGLE (Line Drive, 34D, EV 95.6 MPH) Yoenis Cespedes to third
|
Batting: RHB Juan Lagares
|
0-0: Ball 1-0: Called Strike 1-1: Foul Ball, location: 2F 1-2: Ground out 1-3 (Groundball, 13S, EV 75.6 MPH)
|
Bottom of the 7th over - 0 runs, 2 hits, 0 errors, 2 left on base; Cleveland 5 - Toronto 0 |
TOP OF THE 8TH |
Cleveland Indians batting - Pitching for Toronto Blue Jays : RHP Mason McCullough
|
Batting: RHB Marcus Semien
|
0-0: Called Strike 0-1: Fly out, F8 (Flyball, 8LM, EV 83.8 MPH)
|
Pitching: RHP Dellin Betances
|
|
Batting: RHB Mitch Garver
|
0-0: Ball 1-0: Foul Ball, location: 2F 1-1: Called Strike 1-2: Ball 2-2: Strikes out swinging
|
Batting: LHB Adam Frazier
|
0-0: Ball 1-0: Ball 2-0: Ball 3-0: Called Strike 3-1: Base on Balls
|
Batting: LHB Christian Yelich
|
0-0: Ball 1-0: Foul Ball, location: 2F 1-1: Ball 2-1: Swinging Strike 2-2: Strikes out swinging
|
Top of the 8th over - 0 runs, 0 hits, 0 errors, 1 left on base; Cleveland 5 - Toronto 0 |
BOTTOM OF THE 8TH |
Toronto Blue Jays batting - Pitching for Cleveland Indians : RHP Noah Syndergaard
|
Batting: RHB Dixon Machado
|
0-0: Called Strike 0-1: Ball 1-1: Ball 2-1: SINGLE (Line Drive, 9S, EV 96.9 MPH)
|
Pitching: RHP Tayron Guerrero
|
|
Batting: RHB Keon Broxton
|
0-0: Called Strike 0-1: Ball 1-1: Called Strike 1-2: Foul Ball, location: 2F 1-2: Ball 2-2: Foul Ball, location: 2F 2-2: Foul Ball, location: 2F 2-2: Foul Ball, location: 2F 2-2: Strikes out looking
|
Batting: RHB Elvis Andrus
|
0-0: Called Strike 0-1: Ball 1-1: Ball 2-1: Swinging Strike Dixon Machado steals 2nd base 2-2: Ball 3-2: Foul Ball, location: 2F 3-2: Base on Balls
|
Batting: RHB Kris Bryant
|
0-0: Swinging Strike 0-1: Ball 1-1: Ball 2-1: Foul Ball, location: 2F 2-2: Ball 3-2: Strikes out looking Dixon Machado is caught stealing 3rd base 2-5 Batter strikes out.
|
Bottom of the 8th over - 0 runs, 1 hit, 0 errors, 1 left on base; Cleveland 5 - Toronto 0 |
TOP OF THE 9TH |
Cleveland Indians batting - Pitching for Toronto Blue Jays : RHP Dellin Betances
|
Batting: RHB J.D. Martinez
|
0-0: Called Strike 0-1: Ball 1-1: Ball 2-1: Called Strike 2-2: Strikes out swinging
|
Batting: LHB Matt Carpenter
|
0-0: Ball 1-0: Ball 2-0: Ball 3-0: Called Strike 3-1: Base on Balls
|
Batting: RHB Matt Chapman
|
0-0: Ball 1-0: Swinging Strike 1-1: Foul Ball, location: 2F 1-2: Strikes out swinging
|
Batting: SHB Marwin Gonzalez
|
0-0: Foul Ball, location: 2F 0-1: Ball 1-1: Ball 2-1: Foul Ball, location: 2F 2-2: Ball 3-2: Foul Ball, location: 2F 3-2: Base on Balls Matt Carpenter to second
|
Pitching: RHP Shelby Miller
|
|
Batting: RHB Jung-ho Kang
|
0-0: Ball 1-0: Ball 2-0: Called Strike 2-1: Ball 3-1: Fly out, F7 (Flyball, 78M, EV 87.5 MPH)
|
Top of the 9th over - 0 runs, 0 hits, 0 errors, 2 left on base; Cleveland 5 - Toronto 0 |
BOTTOM OF THE 9TH |
Toronto Blue Jays batting - Pitching for Cleveland Indians : RHP Tayron Guerrero
|
Batting: SHB Josh Bell
|
0-0: Ball 1-0: Called Strike 1-1: TRIPLE (Flyball, 9LD, EV 104.4 MPH)
|
Pitching: RHP Domingo German
|
|
Batting: RHB Yoenis Cespedes
|
0-0: Foul Ball, location: 2F 0-1: Foul Ball, location: 2F 0-2: Ball 1-2: Ball 2-2: Ball 3-2: SINGLE (Groundball, 56D, EV 98.8 MPH) Josh Bell scores
|
Batting: RHB Jorge Soler
|
0-0: Ball 1-0: Called Strike 1-1: Swinging Strike 1-2: Strikes out swinging
|
Batting: SHB Matt Wieters
|
0-0: Called Strike 0-1: Swinging Strike 0-2: Ball 1-2: Ball 2-2: Foul Ball, location: 2F 2-2: Strikes out swinging
|
Batting: RHB Juan Lagares
|
0-0: SINGLE (Line Drive, 56, EV 107.5 MPH) Yoenis Cespedes to second
|
Pitching: RHP David Robertson
|
|
Batting: RHB Dixon Machado
|
0-0: SINGLE (Groundball, 56D, EV 100.6 MPH) Yoenis Cespedes to third Juan Lagares to second
|
Batting: RHB Keon Broxton
|
0-0: Ball 1-0: Called Strike 1-1: Ball 2-1: Swinging Strike 2-2: Strikes out looking
|
Bottom of the 9th over - 1 run, 4 hits, 0 errors, 3 left on base; Cleveland 5 - Toronto 1 |
|